 Dungeon Crawl Stone Soup version 0.28.0 (webtiles) character file.

Game seed: 8107853839597417502

128 mortz the Conjurer (level 4, 0/33 HPs)
             Began as a Draconian Conjurer on Feb 18, 2022.
             Constricted to death by a ball python (1 damage)
             ... on level 4 of the Dungeon.
             The game lasted 00:15:31 (2663 turns).

mortz the Conjurer (Draconian Conjurer)             Turns: 2663, Time: 00:15:31

Health: 0/33       AC:  5    Str: 10    XL:     4   Next: 87%
Magic:  8/8        EV:  9    Int: 26    God:
Gold:   113        SH:  0    Dex:  9    Spells: 5/8 levels left

rFire   . . .      SeeInvis .   l - +0 short sword
rCold   . . .      Faith    .   (no shield)
rNeg    . . .      Spirit   .   (armour unavailable)
rPois   .          Reflect  .   (helmet restricted)
rElec   .          Harm     .   (no cloak)
rCorr   .          Rampage  .   (no gloves)
Will    .....                   (no boots)
Stlth   ++........              (no amulet)
HPRegen 0.11/turn               h - +6 ring of intelligence
MPRegen 0.11/turn               (no ring)

@: slowed, constricted, very slow
A: AC +5, unfitting armour, cold-blooded
a: no special abilities


You were on level 4 of the Dungeon.
You visited 1 branch of the dungeon, and saw 3 of its levels.

You collected 113 gold pieces.

Inventory:

Hand Weapons
 f - a +0 spear
 l - a +0 short sword (weapon)
Jewellery
 e - a ring of ice
 h - a +6 ring of intelligence (left hand)
 i - a ring of ice
Scrolls
 c - 3 scrolls of identify
 k - a scroll of amnesia {unknown}
Potions
 a - a potion of berserk rage
 d - a potion of curing {unknown}
 g - a potion of mutation {unknown}
 j - a potion of heal wounds {unknown}


   Skills:
 + Level 2.0 Dodging
 + Level 1.9 Stealth
 + Level 2.9 Spellcasting
 + Level 5.6 Conjurations


You had 5 spell levels left.
You knew the following spells:

 Your Spells              Type           Power      Damage    Failure   Level
a - Magic Dart            Conj           100%       1d8       1%          1
b - Searing Ray           Conj           66%        2d6       1%          2

Your spell library contained the following spells:

 Spells                   Type           Power      Damage    Failure   Level
 Dazzling Flash           Conj/Hex       36%        N/A       9%          3
 Mephitic Cloud           Conj/Pois/Air  13%        N/A       13%         3
 Call Imp                 Summ           3%         N/A       14%         2
 Corpse Rot               Necr/Air       6%         N/A       14%         2
 Poisonous Vapours        Pois/Air       6%         N/A       14%         2
 Fulminant Prism          Conj/Hex       9%         3d7       30%         4
 Iskenderun's Mystic Bla  Conj/Tloc      18%        2d6       30%         4


Dungeon Overview and Level Annotations

Branches:
Dungeon (2/15)

Altars:

Shops:
D:2 (


Innate Abilities, Weirdness & Mutations

Your plain brown scales are hard. (AC +5)
You cannot fit into any form of body armour.
You are cold-blooded and may be slowed by cold attacks.


Message History

Found 13 gold pieces.
You feel very sick.
The ball python bites you but does no damage.
The ball python closely misses you.
The hobgoblin hits you but does no damage.
You feel very sick. The ball python bites you. The ball python misses you.
You feel sick.
The ball python bites you but does no damage.
The ball python grabs you. The ball python constricts you.
You escape the ball python's grasp.
You feel sick.
You feel sick.
The ball python bites you but does no damage.
The ball python grabs you. The ball python constricts you.
You escape the ball python's grasp.
You feel sick.
You are no longer poisoned.
The ball python barely misses you. The ball python grabs you.
The ball python constricts you.
You escape the ball python's grasp.
The hobgoblin hits you.
* * * LOW HITPOINT WARNING * * *
The ball python bites you but does no damage.
The ball python grabs you. The ball python constricts you.
The hobgoblin hits you but does no damage.
Casting: Magic Dart (safe; 1% risk of failure)
Confirm with . or Enter, or press ? or * to list all spells.
Aiming: Searing Ray (safe; 1% risk of failure)
Press: ? - help, Shift-Dir - straight line, f - ball python
Aim: a ball python (constricting you, 78% to hit)
Okay, then.
As you read the scroll labelled FAR DIOVESCH, it crumbles to dust.
It is a scroll of identify.
a - a potion of berserk rage The ball python bites you.
* * * LOW HITPOINT WARNING * * *
The ball python constricts you.
The hobgoblin hits you but does no damage.
The ball python bites you but does no damage.
The ball python constricts you.
You die...

... ... #.. ###.# ##...#
..###....# ..
.......##........# ...
........##...##.@# ....
.........#.....Sg## #....
...............#K.####.....
..............###...#......
..............# ##.........
..............# ##........
......Z.......## ##...###..
.#.............###..###
.##.................#


You could see a kobold brigand, a hobgoblin and a ball python.

Vanquished Creatures
  Robin (D:2)
  3 gnolls
  3 adders (D:2)
  A dart slug (D:1)
  9 ball pythons
  5 endoplasms
  2 giant cockroaches
  9 goblins
  10 hobgoblins
  4 quokkas
  5 frilled lizards
  5 kobolds
  2 rats (D:1)
59 creatures vanquished.

Notes
Turn   | Place    | Note
-------+----------+-------------------------------------------
     0 | D:1      | mortz the Draconian Conjurer began the quest for the Orb.
     0 | D:1      | Reached XP level 1. HP: 14/14 MP: 3/3
   182 | D:1      | Reached XP level 2. HP: 20/20 MP: 1/5
   185 | D:1      | Learned a level 2 spell: Searing Ray
   912 | D:2      | Found Etti's Weapon Shoppe.
   987 | D:2      | Reached skill level 5 in Conjurations
   987 | D:2      | Reached XP level 3. HP: 6/26 MP: 0/6
   987 | D:2      | HP: 1/26 [gnoll (5)]
  1723 | D:2      | Reached XP level 4. HP: 33/33 MP: 1/7
  1932 | D:2      | Found a faded altar of an unknown god.
  2130 | D:2      | Noticed Robin
  2322 | D:2      | Killed Robin
  2629 | D:2      | You fall into a shaft and drop 2 floors!
  2639 | D:4      | Noticed a kobold brigand
  2663 | D:4      | HP: 1/33 [ball python (3)]
  2663 | D:4      | Constricted to death by a ball python

Illustrated notes

Levels and vault maps discovered:
D:1:      lemuel_arrival_rhombus, layout_rooms, minmay_pentomino_p4
D:2:      layout_basic, nicolae_ecumenical_snake_handling, serial_shops,
          nicolae_shop_temple_entry_statues_fountains,
          chequers_serial_rivers_micro_a, minmay_misc_feat_five,
          minmay_misc_feat_x, kennysheep_another_room, uniq_robin
D:4:      layout_layer_cave, mainiacjoe_overflow_paths,
          mainiacjoe_overflow_alcove_1, ebering_ghost_reflecting_pool

Skill      XL: |  1  2  3 |
---------------+----------+-----
Conjurations   | 5 |  5.6
Dodging        | 2 |  2.0
Stealth        | |  1.9
Spellcasting   | |  2.9

Action                   |  1- 3 |  4- 6 || total
-------------------------+-------+-------++-------
Melee: Dagger            |     1 |       ||     1
 Cast: Magic Dart        |    33 |    22 ||    55
       Searing Ray       |    14 |     9 ||    23
  Use: Scroll            |       |     1 ||     1
Armor: Skin              |     3 |    10 ||    13
Dodge: Dodged            |    12 |    10 ||    22
